 Dungeon Crawl Stone Soup version 0.32-a0-22-g6ae6769602 (webtiles) character file.

Game seed: 15759410593950083965

458015 jestert79 the Lord of Darkness (level 23, -1/234 (289) HPs)
             Began as a Yellow Draconian Wanderer on Jan 17, 2024.
             Was the Champion of Kikubaaqudgha.
             Killed from afar by a laughing skull (11 damage)
             ... with a bolt of negative energy
             ... on level 1 of the Crypt on Jan 18, 2024.
             The game lasted 06:48:22 (74589 turns).

jestert79 the Lord of Darkness (DrWn)              Turns: 74589, Time: 06:48:23

HP:   -1/234 (289)  AC: 19    Str: 18    XL:     23   Next: 31%
MP:   29/39         EV: 15    Int: 28    God:    Kikubaaqudgha [******]
Gold: 987           SH: 15    Dex: 15    Spells: 3/47 levels left

rFire   + .          .
                       - Unarmed
rCold   + . .        b - +2 kite shield {reflect}
rNeg    . . .        (body armour unavailable)
rPois   +            i - +2 hat
rElec   +            v - scarf "Okkoijit" {rC+ rF+, rPois}
rCorr   +            g - +2 pair of gloves
SInv    +            K - +2 pair of boots "Kanomyt" {*Corrode Fly rPois Int+8}
Will    +++..        V - amulet "Boaduc" {rElec Regen+ Slay+2 Stlth+} Stlth
                     P - ring of willpower
HPRegen 1.39/turn    a - ring of Gikoysm {Int+6 SInv}
MPRegen 0.26/turn

%: corrode self (3%), reflection
@: berserking, maw-form, flying, slowed, glowing, studying 2 skills, heavily
drained
A: devouring maw, spit acid, AC +11, unfitting armour, acidic bite,
cold-blooded, acid resistance, stinger 1, dopey 1, strong-willed 1
}: 2/15 runes: serpentine, barnacled
a: Breathe Acid, Begin Untransformation, Renounce Religion, Unearth Wretches,
Torment


You were on level 1 of the Crypt.
You worshipped Kikubaaqudgha.
Kikubaaqudgha was exalted by your worship.
You were a creature with a mouth for a stomach.
You visited 10 branches of the dungeon, and saw 43 of its levels.
You also visited: Sewer, Bailey, Ice Cave and Volcano.

You collected 6786 gold pieces.
You spent 5799 gold pieces at shops.

Inventory:

Missiles
 k - 6 curare-tipped darts (quivered)
 t - 4 throwing nets
Armour
 b - a +2 kite shield of reflection (worn)
 g - a +2 pair of gloves (worn)
 i - a +2 hat (worn)
 v - the scarf "Okkoijit" (worn) {rC+ rF+, rPois}
   (You acquired it on level 1 of the Lair of Beasts)

   rPois:     It protects you from poison
 K - the +2 pair of boots "Kanomyt" (worn) {*Corrode Fly rPois Int+8}
   (You bought it in a shop on level 1 of the Dungeon)

   Int+8:     It affects your intelligence (+8).
   rPois:     It protects you from poison Fly: It grants you flight.
   *Corrode:  It may corrode you when you take damage.
Jewellery
 a - the ring of Gikoysm (right hand) {Int+6 SInv}
   (You acquired it on level 1 of the Lair of Beasts)

   [ring of intelligence]

   Int+6:     It affects your intelligence (+6).
   SInv:      It lets you see invisible.
 n - the ring "Ytusufo" {rF+ rC+ Dex+6}
   (You took it off a tengu reaver on level 2 of the Depths)

   [ring of protection from fire]

   Dex+6:     It affects your dexterity (+6).
   rF+:       It protects you from fire.
   rC+:       It protects you from cold.
 u - the ring of Cheibriados's Delight {rC+ Int+2}
   (You found it in an ice cave)

   [ring of protection from cold]

   Int+2:     It affects your intelligence (+2).
   rC+:       It protects you from cold.
 P - a ring of willpower (left hand)
 U - the ring of Femoteow {rPois rF+ rCorr Int+2}
   (You acquired it on level 1 of the Lair of Beasts)

   [ring of protection from fire]

   Int+2:     It affects your intelligence (+2).
   rF+:       It protects you from fire.
   rPois:     It protects you from poison rCorr: It protects you from acid and
   corrosion.
 V - the amulet "Boaduc" (around neck) {rElec Regen+ Slay+2 Stlth+}
   (You bought it in a shop on level 4 of the Vaults)

   [amulet of regeneration]

   Slay+2:    It affects your accuracy & damage with ranged weapons and melee
   (+2).
   rElec:     It insulates you from electricity.
   Regen+:    It increases your rate of health regeneration.
   Stlth+:    It makes you more stealthy.
 W - a ring of protection from fire
Talismans
 d - a granite talisman
 J - a maw talisman (active)
Wands
 B - a wand of acid (33)
 R - a wand of digging (10)
 S - a wand of roots (45)
 Z - a wand of polymorph (15)
Scrolls
 h - 6 scrolls of poison
 j - 6 scrolls of vulnerability
 o - 13 scrolls of teleportation
 p - a scroll of summoning
 q - 7 scrolls of fear
 x - 2 scrolls of enchant armour
 y - 3 scrolls of blinking
 C - 5 scrolls of torment
 F - 7 scrolls of fog
 M - 4 scrolls of revelation
 N - 6 scrolls of immolation
 O - 21 scrolls of identify
 Q - a scroll of silence
 T - 3 scrolls of amnesia
 Y - a scroll of enchant weapon
Potions
 c - 12 potions of attraction
 e - 7 potions of haste
 f - 7 potions of ambrosia
 m - 4 potions of invisibility
 s - 8 potions of lignification
 w - 4 potions of might
 z - 5 potions of enlightenment
 A - 8 potions of resistance
 E - 4 potions of heal wounds
 G - 6 potions of mutation
 H - 13 potions of curing
 I - 8 potions of magic
 X - 5 potions of brilliance
Miscellaneous
 l - a lightning rod (4/4)
 r - a phial of floods
 L - a sack of spiders


   Skills:
 - Level 13.4 Fighting
 - Level 8.8 Dodging
 - Level 13.8 Shields
 - Level 19.8 Unarmed Combat
 + Level 12.9 Spellcasting
 - Level 7.0 Conjurations
 - Level 14.2 Summonings
 * Level 20.3 Necromancy
 - Level 5.4 Translocations
 - Level 4.0 Air Magic
 - Level 7.0 Alchemy
 - Level 7.0 Evocations
 - Level 16.2 Shapeshifting


You had 3 spell levels left.
You knew the following spells:

 Your Spells              Type           Power      Damage    Failure   Level
a - Apportation           Tloc           96%        N/A       1%          1
b - Blink                 Tloc           96%        N/A       1%          2
c - Infestation           Necr           46%        N/A       9%          8
e - Martyr's Knell        Necr/Summ      86%        N/A       1%          4
f - Death Channel         Necr           46%        N/A       1%          6
g - Lesser Beckoning      Tloc           96%        N/A       1%          2
h - Haunt                 Necr/Summ      43%        N/A       3%          7
i - Borgnjor's Vile Clut  Necr/Erth      33%        N/A       2%          5
j - Vhi's Electric Charg  Tloc/Air       88%        N/A       8%          4
k - Irradiate             Conj/Alch      27%        3d20      9%          5

Your spell library contained the following spells:

 Spells                   Type           Power      Damage    Failure   Level
 Necrotise                Necr           100%       1d9       0%          1
 Sublimation of Blood     Necr           93%        N/A       0%          2
 Fugue of the Fallen      Necr           93%        N/A       0%          3
 Foxfire                  Conj/Fire      100%       2x1d9     1%          1
 Kiss of Death            Conj/Necr      100%       2d13      1%          1
 Magic Dart               Conj           100%       1d8       1%          1
 Call Imp                 Summ           100%       N/A       1%          2
 Momentum Strike          Conj/Tloc      100%       3d10      1%          2
 Static Discharge         Conj/Air       98%        3-8/arc   1%          2
 Gell's Gravitas          Tloc           48%        N/A       1%          3
 Mephitic Cloud           Conj/Alch/Air  51%        N/A       1%          3
 Summon Ice Beast         Ice/Summ       55%        N/A       1%          3
 Teleport Other           Tloc           48%        N/A       1%          3
 Hailstorm                Conj/Ice       37%        3d9       3%          3
 Swiftness                Air            40%        N/A       3%          3
 Volatile Blastmotes      Fire/Tloc      66%        2d15      4%          3
 Freeze                   Ice            72%        1d8       5%          1
 Ensorcelled Hibernation  Hex/Ice        36%        N/A       8%          2
 Jinxbite                 Hex            36%        N/A       8%          2
 Scorch                   Fire           36%        2d6       8%          2
 Confusing Touch          Hex            18%        N/A       16%         3
 Frozen Ramparts          Ice            36%        1d6       16%         3
 Inner Flame              Hex/Fire       18%        N/A       16%         3
 Ozocubu's Armour         Ice            18%        N/A       16%         3
 Passwall                 Erth           18%        N/A       16%         3
 Tukima's Dance           Hex            18%        N/A       16%         3
 Animate Dead             Necr           93%        N/A       0%          4
 Dispel Undead            Necr           93%        3d29      0%          4
 Anguish                  Hex/Necr       33%        N/A       1%          4
 Summon Lightning Spire   Summ/Air       62%        N/A       1%          4
 Summon Blazeheart Golem  Fire/Summ      55%        N/A       2%          4
 Summon Forest            Summ/Tloc      32%        N/A       2%          5
 Summon Cactus Giant      Summ           39%        N/A       2%          6
 Fulminant Prism          Conj/Alch      27%        3d13      3%          4
 Olgreb's Toxic Radiance  Alch           55%        N/A       3%          4
 Iskenderun's Mystic Bla  Conj/Tloc      51%        2d11      4%          4
 Passage of Golubria      Tloc           48%        N/A       5%          4
 Summon Mana Viper        Hex/Summ       55%        N/A       8%          5
 Alistair's Intoxication  Alch           36%        N/A       9%          5
 Iskenderun's Battlesphe  Conj           55%        2d11      9%          5
 Borgnjor's Revivificati  Necr           46%        N/A       9%          8
 Airstrike                Air            20%        2d(3-19)  10%         4
 Flame Wave               Conj/Fire      37%        2d10      12%         4
 Leda's Liquefaction      Alch/Erth      18%        N/A       12%         4
 Petrify                  Alch/Erth      37%        N/A       12%         4
 Summon Hydra             Summ           39%        N/A       13%         7
 Fireball                 Conj/Fire      18%        3d9       34%         5
 Yara's Violent Unravell  Hex/Alch       18%        3d9       34%         5
 Cause Fear               Hex            9%         N/A       45%         4
 Spellforged Servitor     Conj/Summ      33%        N/A       50%         7
 Malign Gateway           Summ/Tloc      32%        N/A       61%         7
 Summon Horrible Things   Summ           39%        N/A       69%         8
 Death's Door             Necr           46%        N/A       77%         9
 Lee's Rapid Deconstruct  Erth           9%         3d7*      82%         5
 Metabolic Englaciation   Hex/Ice        9%         N/A       82%         5
 Bombard                  Conj/Erth      18%        9d4       88%         6
 Sculpt Simulacrum        Ice/Alch       18%        N/A       88%         6
 Orb of Destruction       Conj           27%        9d9       94%         7
 Ozocubu's Refrigeration  Ice            9%         4d9       100%        7
 Discord                  Hex            9%         N/A       100%        8
 Dragon's Call            Summ           39%        N/A       100%        9
 Fire Storm               Conj/Fire      18%        8d5       100%        9


Dungeon Overview and Level Annotations

Branches:
Dungeon (15/15)            Temple (1/1) D:5            Lair (5/5) D:11
 Shoals (4/4) Lair:3        Snake (4/4) Lair:2        Slime (0/5) Lair:5
    Orc (2/2) D:12            Elf (3/3) Orc:2        Vaults (4/5) D:14
  Crypt (1/3) Vaults:3     Depths (4/4) D:15          Sewer (visited)
 Bailey (visited)           IceCv (visited)         Volcano (visited)
    Zot: Depths:4

Altars:
Ashenzari
Cheibriados
Dithmenos
Elyvilon
Fedhas
Gozag
Hepliaklqana
Kikubaaqudgha
Makhleb
Nemelex Xobeh
Okawaru
Qazlal
Ru
Trog
Uskayaw
Vehumet
Wu Jian
Xom
Yredelemnul
Zin
The Shining One
Jiyva
Lugonu

Shops:
D:1 [   D:5 *   D:6 !   D:8 *   D:13 *   Orc:2 ((=?   Elf:1 [   Elf:2 :
Elf:3 *=(   Shoals:3 :   Snake:1 *   Snake:4 [??   Vaults:2 (   Vaults:4 (**=
Depths:1 *

Portals:
Hell: Lair:5 Depths:1 Depths:2 Depths:3
Abyss: Depths:3
Pandemonium: Depths:2
Ziggurat: Depths:1

Annotations:
D:5 Blork the orc
D:15 1 runed translucent door, Tewoziw's ghost, journeyman FoFi
Shoals:1 exclusion: kraken
Snake:1 1 runed translucent door, Sobieck's ghost, adept OnBe
Orc:2 1 runed translucent door, ragingrage's ghost, journeyman DEWr
Vaults:3 3 runed translucent doors, Implojin's ghost, adept DgWn
Vaults:4 2 transporters, exclusion: orange crystal statue
Crypt:1 Mennas


Innate Abilities, Weirdness & Mutations

You are a creature with a mouth for a stomach.
Your midsection houses a second, enormous mouth.
You can spit globs of acid.
Your golden yellow scales are hard. (AC +11)
You cannot fit into any form of body armour.
You have acidic saliva.
You are cold-blooded and may be slowed by cold attacks.
You are resistant to acid. (rCorr)
Your tail ends in a venomous barb.
You are dopey. (Int -2)
You are strong-willed. (Will+)


Message History

Mennas blocks your attack. x2
Mennas is moderately wounded.
The zombie hands constrict Mennas.
The laughing skull headbutts your wraith!
The laughing skull headbutts your wraith.
Your wraith is destroyed!
Your wraith disappears in a puff of smoke!
You block Mennas's attack.
Mennas hits you with a +0 eudemon blade of holy wrath!
* * * LOW HITPOINT WARNING * * *
The laughing skull misses you. You block the wraith's attack.
The laughing skull headbutts your wraith.
You punch Mennas! You bite Mennas, but do no damage. Mennas blocks your attack.
Mennas is heavily wounded.
The zombie hands constrict Mennas.
The laughing skull barely misses your wraith.
Your wraith hits the laughing skull!
Your wraith drains the laughing skull's vigour!
The laughing skull seems to slow down.
The laughing skull headbutts you but does no damage.
Your wraith hits you!
* * * LOW HITPOINT WARNING * * *
Your wraith drains your vigour!
You feel as though you will be slow longer.
Your freezing wraith barely misses your wraith.
Your freezing wraith hits your wraith.
Mennas hits you but does no damage. You block Mennas's attack.
The laughing skull cackles spitefully.
The bolt of negative energy misses you.
The bolt of negative energy hits your wraith.
Your wraith completely resists.
The bolt of negative energy hits your freezing wraith.
Your freezing wraith completely resists.
The laughing skull gibbers with scorn.
The bolt of negative energy hits your wraith.
Your wraith completely resists.
The bolt of negative energy hits you!
You feel drained.
You die...
The laughing skull crumbles to pieces from sheer joy.
Kikubaaqudgha rasps: "You have failed me!
Welcome... death!"

#### ###.# #
...... #.# #
##..... #.. #
....... ######
#...#
......>###.....
....#
#.....#.....#
...##
#....z....# #
#..zzzW...# ..
.. #.WWW.# .# ##
##.AW## ##.#
#..#.W###
###..### .
#...###...#
#......##.
!..###.##
###.###.......>.
....#..
#..#........#
......
##......#...#
##....##
##....##...##
#......
#............


You could see Mennas (clutched, ally target), a wraith, 4 laughing skulls, a
friendly freezing wraith (summoned, confused) and 3 friendly wraiths.

Vanquished Creatures
  2 dread liches (Vaults:3)
  Margery (Crypt:1)
  A golden dragon (Depths:3)
  2 tentacled monstrosities
  Jorgrun (D:12)
  An Ice Fiend (IceCv)
  Zenata (Vaults:1)
  A deep elf master archer (Elf:3)
  A deep elf blademaster (Elf:2)
  A titan (Vaults:3)
  3 sphinxes (Vaults:4)
  A kraken (Shoals:3)
  2 storm dragons (Depths:3)
  5 tengu reavers
  Donald (Shoals:2)
  Ilsuiw (Shoals:2)
  5 vault wardens
  A balrug (Depths:3)
  A frost giant (Vaults:3)
  An angel (Shoals:4)
  A fire giant (Depths:1)
  4 spectral caustic shrikes (Depths:1)
  An orc warlord (Vaults:3)
  An iron dragon (Depths:3)
  16 ironbound preservers
  3 very ugly things
  4 formless jellyfish
  6 ironbound thunderhulks
  6 stone giants
  4 vampire knights (Depths:2)
  2 deep elf death magi
  13 dire elephants
  An eleionoma (Shoals:2)
  A war gargoyle (Vaults:3)
  8 spark wasps
  A merfolk javelineer (Shoals:2)
  Snorg (Lair:4)
  3 yaktaur captains
  A crystal guardian (Vaults:4)
  2 ettins
  2 deep elf high priests
  2 rakshasas
  6 merfolk impalers
  9 hydras
  A fire dragon (Depths:2)
  5 salamander tyrants (Snake:4)
  4 great orbs of eyes
  Erolcha (Orc:2)
  5 ogre magi
  A caustic shrike simulacrum (IceCv)
  2 entropy weavers
  15 anacondas
  9 centaur warriors
  A peacekeeper (Vaults:4)
  5 ironbound frosthearts
  A catoblepas (Lair:5)
  An ice dragon (Depths:2)
  10 two-headed ogres
  Erica (D:9)
  3 merfolk aquamancers
  5 boulder beetles
  A deep troll shaman (Depths:1)
  5 death yaks (Lair:1)
  3 satyrs (Shoals:2)
  5 tengu warriors
  26 dancing weapons
  14 naga warriors
  2 orc high priests
  7 shock serpents
  A vampire mage (Vaults:3)
  2 deep troll earth magi
  Urug (D:10)
  7 naga sharpshooters
  4 hell knights
  2 occultists
  12 deep elf knights
  A spriggan berserker (Depths:2)
  4 cherubim (Shoals:4)
  4 skysharks
  4 skeletal warriors
  2 flayed ghosts
  7 salamander mystics
  A sixfirhy (Lair:5)
  4 sea snakes
  43 deep trolls
  A mana viper (shapeshifter) (Vaults:3)
  A glowing orange brain (Vaults:3)
  4 arcanists
  12 ironbound convokers
  8 naga ritualists
  11 mana vipers
  12 lindwurms
  2 obsidian statues (IceCv)
  22 deep elf pyromancers
  4 anaconda skeletons (Volcano)
  A bog body (IceCv)
  10 orc knights
  3 necromancers
  12 harpies
  12 deep elf archers
  A phantasmal warrior (Depths:2)
  5 nameless horrors
  5 orc sorcerers (Orc:2)
  2 wolf spiders
  19 deep elf zephyrmancers
  4 manticores
  8 cyclopes
  A shining eye (shapeshifter) (Elf:3)
  20 salamanders
  17 ugly things
  A moth of wrath (shapeshifter) (Vaults:4)
  4 fauns (Shoals:2)
  5 kobold blastminers
  A jorogumo skeleton (Crypt:1)
  9 elephants
  Joseph (D:7)
  29 black mambas
  7 guardian serpents
  9 vault sentinels
  5 merfolk sirens
  A smoke demon (Depths:3)
  5 water nymphs
  6 gargoyles
  18 naga magi
  A torpor snail (Lair:1)
  2 orange demons (Lair:5)
  3 centaur skeletons (D:14)
  2 rime drakes (Lair:5)
  13 cane toads
  3 kobold demonologists
  26 yaktaurs
  7 freezing wraiths
  7 komodo dragons
  An unseen horror (D:10)
  An efreet (D:15)
  2 ice devils (Lair:5)
  2 red devils (Lair:5)
  5 tengu conjurers
  5 trolls
  A golden dragon simulacrum (IceCv)
  9 merfolk
  A hellwing (Lair:5)
  A polar bear (Lair:4)
  A wind drake (Shoals:1)
  A tarantella (Vaults:3)
  8 blink frogs
  2 hornets
  A glass eye (shapeshifter) (Vaults:2)
  A dream sheep (Shoals:4)
  A stone giant simulacrum (Vaults:3)
  An ice dragon zombie (Crypt:1)
  9 snapping turtles
  Sigmund (D:3)
  11 slime creatures
  A culicivora (Lair:4)
  A shadow (D:11)
  11 water elementals
  3 wyverns
  A wyvern (shapeshifter) (Elf:2)
  2 centaur simulacra
  5 vampires
  3 fire elementals
  4 wargs
  50 yaks
  12 vampire mosquitoes
  2 basilisks
  A steam dragon (D:8)
  42 nagas
  2 redbacks (Vaults:3)
  3 hell hounds (Lair:5)
  An acid dragon (D:8)
  16 water moccasins
  A hydra simulacrum (IceCv)
  A swamp drake (shapeshifter) (Elf:3)
  3 sky beasts
  A black bear (D:4)
  25 orc warriors
  3 laughing skulls
  An ettin simulacrum (IceCv)
  An elephant zombie (Crypt:1)
  4 wolves (Lair:3)
  13 ogres
  13 centaurs
  3 phantoms
  A fire crab zombie (Crypt:1)
  A weeping skull (Volcano)
  4 kobold brigands
  An earth elemental (Elf:3)
  11 bullfrogs
  2 gnoll sergeants
  2 scorpions (D:6)
  13 wights
  17 killer bees
  A lindwurm simulacrum (IceCv)
  A howler monkey (D:9)
  3 jellies
  2 troll skeletons (Volcano)
  2 bombardier beetles
  16 orc priests
  Jessica (D:3)
  A sleepcap (D:5)
  2 iguanas
  29 orc wizards
  Natasha (twice) (D:3)
  A boggart skeleton (D:14)
  4 hell rats (Lair:3)
  13 adders
  9 gnolls
  3 river rats
  A shadow imp (D:6)
  3 white imps
  3 ufetubi
  An adder skeleton (Crypt:1)
  10 dart slugs
  3 ribbon worms
  68 orcs
  19 ball pythons
  13 endoplasms
  3 giant cockroaches
  7 goblins
  3 hobgoblins
  2 jackals (D:1)
  21 kobolds
  3 quokkas
  4 bats
  6 frilled lizards
  38 rats
  A tentacle (Shoals:3)
1370 creatures vanquished.

Vanquished Creatures (collateral kills)
  An ancient lich (Vaults:4)
  Saint Roka (Depths:1)
  A lich (Depths:2)
  A titan (Depths:3)
  3 tentacled monstrosities
  A deep elf blademaster (Elf:3)
  A searing wretch (Crypt:1)
  An ancient champion (Crypt:1)
  3 deep elf master archers (Elf:3)
  2 sphinxes
  2 storm dragons (Depths:3)
  2 tengu reavers
  A nagaraja (Snake:4)
  A fire giant (Depths:2)
  3 frost giants (Depths:2)
  4 vault wardens
  6 deep elf sorcerers
  A spectral caustic shrike (Depths:1)
  3 deep elf elementalists (Elf:3)
  An orc warlord (Vaults:4)
  3 very ugly things (Depths:3)
  3 ironbound preservers
  A formless jellyfish (Vaults:4)
  3 vampire knights
  2 ironbound thunderhulks
  7 stone giants
  An eleionoma (Shoals:2)
  3 deep elf demonologists (Elf:3)
  4 deep elf death magi
  5 dire elephants
  5 deep elf annihilators (Elf:3)
  7 spark wasps
  10 merfolk impalers
  7 merfolk javelineers
  6 fire dragons
  3 ettins
  3 yaktaur captains
  An entropy weaver (Vaults:3)
  2 rakshasas
  3 ice dragons
  3 deep elf high priests (Elf:3)
  2 great orbs of eyes (Vaults:4)
  A caustic shrike simulacrum (IceCv)
  A vault guard (Vaults:1)
  A salamander tyrant (Snake:2)
  3 hydras
  7 anacondas
  A peacekeeper (Vaults:4)
  4 ironbound frosthearts
  A catoblepas (Depths:1)
  A two-headed ogre (D:14)
  A merfolk aquamancer (Shoals:4)
  2 centaur warriors
  A deep troll earth mage (Depths:2)
  9 dancing weapons
  2 death yaks (Shoals:4)
  5 tengu warriors
  3 naga sharpshooters (Snake:4)
  4 naga warriors
  2 spriggan berserkers
  An occultist (Depths:2)
  An orc high priest (Depths:1)
  7 deep elf knights
  2 shock serpents
  3 hell knights
  A skyshark (Lair:5)
  Nergalle (Orc:2)
  2 iron trolls
  A skeletal warrior (D:13)
  3 naga ritualists (Snake:4)
  2 salamander mystics
  4 mana vipers
  4 arcanists
  A sea snake (Shoals:1)
  16 deep trolls
  11 deep elf archers
  3 glowing orange brains
  3 spriggan simulacra (IceCv)
  4 ironbound convokers
  A phantasmal warrior (Depths:2)
  5 harpies
  A necromancer (D:15)
  8 deep elf pyromancers
  11 deep elf zephyrmancers
  11 ugly things
  An orc sorcerer (Orc:1)
  3 orc knights
  A manticore (D:13)
  A cyclops (Shoals:4)
  3 salamanders
  7 fauns
  A guardian serpent (Snake:4)
  An elephant (Lair:4)
  A slime creature (Vaults:1)
  6 vault sentinels
  An apocalypse crab (Shoals:3)
  2 merfolk sirens
  8 black mambas
  3 naga magi
  2 cane toads (Lair:5)
  A komodo dragon (D:12)
  10 yaktaurs
  A black draconian skeleton (Crypt:1)
  2 freezing wraiths (IceCv)
  3 tengu conjurers
  3 golden dragon simulacra (IceCv)
  2 polar bears
  2 merfolk (Shoals:1)
  A glass eye (Depths:1)
  6 blink frogs
  5 dream sheep (Shoals:4)
  A nameless horror (Depths:1)
  A wyvern (D:9)
  A fire elemental (Elf:2)
  9 yaks
  4 basilisks
  13 nagas
  An acid dragon (D:13)
  A deep troll zombie (Crypt:1)
  A hell hound (Lair:5)
  2 hydra simulacra (IceCv)
  2 orc warriors
  3 laughing skulls (Crypt:1)
  2 ettin simulacra (IceCv)
  2 ogres
  3 centaurs (Shoals:2)
  A kobold brigand (D:10)
  An earth elemental (Elf:3)
  A killer bee (D:10)
  4 orc priests
  An orc wizard (Orc:2)
  A river rat (Lair:3)
  10 orcs
  An endoplasm (Lair:5)
  A frilled lizard skeleton (Crypt:1)
423 creatures vanquished.

Vanquished Creatures (others)
  A fire giant (Depths:2)
  A deep elf annihilator (Elf:3)
  An ettin (Depths:2)
  A spark wasp (Depths:2)
  A merfolk impaler (Shoals:3)
  A deep elf knight (Elf:3)
  A wolf spider zombie (Lair:5)
  2 deep elf pyromancers
  A salamander (Snake:2)
  2 salamander zombies (Snake:4)
  A smoke demon (Depths:3)
  2 great orb of eyes zombies
  A water elemental (Elf:2)
  2 cane toad zombies (Lair:5)
  A deep troll zombie (Vaults:3)
  An elephant zombie (Lair:4)
  A lindwurm zombie (Vaults:1)
  A centaur (D:12)
  A water moccasin zombie (Lair:5)
  6 yak zombies
  2 naga zombies
  2 wolf zombies (Lair:3)
  A bombardier beetle (D:5)
  2 orc wizards (Orc:2)
  A ball python (D:12)
  4 endoplasm zombies (Lair:5)
  2 orc zombies (Orc:2)
  23 tentacles (Shoals:3)
66 creatures vanquished.

Grand Total: 1859 creatures vanquished

Notes
Turn   | Place    | Note
-------+----------+-------------------------------------------
     0 | D:1      | jestert79 the Draconian Wanderer began the quest for the
                  | Orb.
     0 | D:1      | jestert79 set off with the following items: a +0 club, a +0
                  | buckler, a potion of attraction, a +2 cloak; and the
                  | following spell memorised: Apportation; and the following
                  | spells available to memorise: Volatile Blastmotes.
     0 | D:1      | Reached XP level 1. HP: 14/14 MP: 3/3
   155 | D:1      | Found Riofugirr's Armour Shop.
   184 | D:1      | Reached skill level 1 in Unarmed Combat
   197 | D:1      | Reached XP level 2. HP: 20/20 MP: 5/5
   712 | D:2      | Reached XP level 3. HP: 20/26 MP: 6/6
  1161 | D:2      | Reached XP level 4. HP: 18/33 MP: 7/7
  1843 | D:3      | Noticed Jessica
  1865 | D:3      | Killed Jessica
  2043 | D:3      | Noticed Sigmund
  2165 | D:3      | Killed Sigmund
  2166 | D:3      | Reached XP level 5. HP: 38/38 MP: 8/8
  2166 | D:3      | Reached XP level 6. HP: 45/45 MP: 9/9
  2180 | D:3      | Noticed Natasha
  2184 | D:3      | Killed Natasha
  2717 | D:4      | Reached skill level 5 in Unarmed Combat
  2760 | D:4      | Found a glowing drain.
  2764 | Sewer    | Entered a sewer
  3268 | Sewer    | Your scales start taking on a golden yellow colour.
  3268 | Sewer    | Reached XP level 7. HP: 11/50 MP: 10/10
  3268 | Sewer    | Gained mutation: You are resistant to acid. (rCorr) [Yellow
                  | Draconian growth]
  3590 | D:4      | Identified a scroll of acquirement
  3590 | D:4      | Acquired a manual of Evocations
  3704 | D:4      | Found an opulent altar of Gozag.
  3775 | D:4      | Found a hide-covered altar of Uskayaw.
  3857 | D:4      | Reached skill level 5 in Shields
  4050 | D:3      | Noticed Natasha
  4058 | D:3      | Killed Natasha
  4165 | D:5      | Entered Level 5 of the Dungeon
  4506 | D:5      | Found Axkor's Overcharged Wands.
  4542 | D:5      | Found a staircase to the Ecumenical Temple.
  4569 | Temple   | Entered the Ecumenical Temple
  4948 | D:5      | Noticed Blork the orc
  5121 | D:6      | Reached XP level 8. HP: 57/57 MP: 11/11
  5303 | D:6      | Found Lyp Mew's Distillery.
  6108 | D:7      | Noticed Joseph
  6119 | D:7      | Killed Joseph
  6120 | D:7      | Reached skill level 10 in Unarmed Combat
  6268 | D:7      | Found a flagged portal.
  6276 | D:7      | Identified the +11 spear of Xopnu {holy, rF+ Will+ Dex+3}
  6281 | Bailey   | Entered a bailey
  6309 | Bailey   | Reached XP level 9. HP: 58/62 MP: 12/12
  6413 | Bailey   | Reached skill level 1 in Fighting
  7002 | Bailey   | Noticed an orc knight
  7021 | Bailey   | Killed an orc knight
  7038 | Bailey   | Reached skill level 5 in Fighting
  7276 | D:1      | Bought the +2 pair of boots "Kanomyt" {*Corrode Fly rPois
                  | Int+8} for 546 gold pieces
  7541 | D:7      | Reached XP level 10. HP: 58/83 MP: 13/13
  7640 | D:7      | Found a burning altar of Makhleb.
  7642 | D:7      | Found a bloodstained altar of Trog.
  7651 | D:7      | Found a stormy altar of Qazlal.
  7658 | D:7      | Found a shadowy altar of Dithmenos.
  7662 | D:7      | Found an ornate altar of the Wu Jian Council.
  7664 | D:7      | Found a radiant altar of Vehumet.
  7667 | D:7      | Found an ancient bone altar of Kikubaaqudgha.
  7668 | D:7      | Found a glowing golden altar of the Shining One.
  7672 | D:7      | Became a worshipper of Kikubaaqudgha
  7679 | D:7      | Learned a level 2 spell: Blink
  8184 | D:8      | Reached skill level 1 in Necromancy
  8360 | D:8      | Noticed a two-headed ogre
  8371 | D:8      | Killed a two-headed ogre
  8465 | D:8      | Reached skill level 2 in Necromancy
  8511 | D:8      | Learned a level 3 spell: Fugue of the Fallen
  8835 | D:8      | Reached skill level 3 in Necromancy
  8840 | D:8      | Reached * piety under Kikubaaqudgha
  8840 | D:8      | Received a gift from Kikubaaqudgha
  8849 | D:8      | Learned a level 4 spell: Animate Dead
  8927 | D:8      | Found Kin Quto's Fire Supplies.
  9333 | D:8      | Found a basalt altar of Yredelemnul.
  9622 | D:8      | Acquired a manual of Shapeshifting
  9717 | D:9      | Reached skill level 4 in Necromancy
  9747 | D:9      | Noticed Erica
  9751 | D:9      | Killed Erica
  9752 | D:9      | Reached skill level 5 in Evocations
  9786 | D:9      | Reached skill level 5 in Necromancy
 10053 | D:9      | Paralysed by a hornet for 3 turns
 10058 | D:9      | Reached skill level 1 in Shapeshifting
 10155 | D:9      | Reached XP level 11. HP: 45/91 MP: 14/14
 10541 | D:9      | Found a white marble altar of Elyvilon.
 10846 | D:9      | Found a blossoming altar of Fedhas.
 10941 | D:9      | Reached ** piety under Kikubaaqudgha
 11144 | D:10     | Entered Level 10 of the Dungeon
 11178 | D:10     | Identified the +10 quarterstaff of Linearity {chaos, Int+4}
 11295 | D:10     | Reached skill level 5 in Shapeshifting
 11433 | D:10     | Noticed Urug
 12248 | D:10     | Killed Urug
 12630 | D:11     | Found a bloodstained altar of Trog.
 12774 | D:11     | Found a staircase to the Lair.
 12774 | D:11     | Noticed a boulder beetle
 12915 | D:11     | Killed a boulder beetle
 12916 | D:11     | Reached skill level 10 in Shapeshifting
 13159 | D:11     | Reached *** piety under Kikubaaqudgha
 13159 | D:11     | Received a gift from Kikubaaqudgha
 13712 | D:11     | Reached skill level 6 in Necromancy
 13906 | Lair:1   | Entered Level 1 of the Lair of Beasts
 14164 | Lair:1   | Reached XP level 12. HP: 100/100 MP: 9/16
 14330 | Lair:1   | Learned a level 4 spell: Martyr's Knell
 14350 | Lair:1   | Noticed a death yak
 14350 | Lair:1   | Noticed a death yak
 14375 | Lair:1   | Killed a death yak
 14375 | Lair:1   | Noticed a death yak
 14375 | Lair:1   | Noticed a death yak
 14412 | Lair:1   | Killed a death yak
 14422 | Lair:1   | Killed a death yak
 14423 | Lair:1   | Reached skill level 1 in Summonings
 14426 | Lair:1   | Noticed a death yak
 14446 | Lair:1   | Killed a death yak
 14456 | Lair:1   | Killed a death yak
 14457 | Lair:1   | Reached skill level 5 in Dodging
 14904 | Lair:1   | Acquired the scarf "Okkoijit" {rC+ rF+, rPois}
 14908 | Lair:1   | Acquired the ring of Femoteow {rPois rF+ rCorr Int+2}
 14911 | Lair:1   | Acquired the ring of Gikoysm {Int+6 SInv}
 14986 | Lair:2   | Reached **** piety under Kikubaaqudgha
 15124 | Lair:2   | Reached skill level 7 in Necromancy
 15721 | Lair:2   | Noticed a five-headed hydra
 15732 | Lair:2   | Killed a five-headed hydra
 15806 | Lair:2   | Found a staircase to the Snake Pit.
 16588 | Lair:3   | Noticed a four-headed hydra
 16593 | Lair:3   | Killed a four-headed hydra
 17385 | Lair:4   | Noticed a four-headed hydra
 17532 | Lair:4   | Noticed Snorg
 17636 | Lair:4   | Noticed a six-headed hydra
 17648 | Lair:4   | Killed a six-headed hydra
 17649 | Lair:4   | Reached XP level 13. HP: 15/108 MP: 19/19
 17792 | Lair:4   | Reached skill level 8 in Necromancy
 17808 | Lair:4   | Learned a level 6 spell: Death Channel
 17954 | Lair:4   | Reached ***** piety under Kikubaaqudgha
 18040 | Lair:4   | Killed Snorg
 18133 | Lair:4   | Noticed Nessos
 18161 | Lair:4   | Reached skill level 5 in Summonings
 18174 | Lair:4   | HP: 4/111 [Nessos/arrow (2)]
 18411 | D:5      | Bought a wand of polymorph (18) for 378 gold pieces
 18674 | Lair:4   | Nessos changed into Nessos the culicivora
 18674 | Lair:4   | Noticed Nessos
 18682 | Lair:4   | Killed Nessos the culicivora
 18982 | Lair:5   | Entered Level 5 of the Lair of Beasts
 19213 | Lair:5   | Reached skill level 10 in Fighting
 19400 | Lair:5   | Found a staircase to the Slime Pits.
 19412 | Lair:5   | Found a viscous altar of Jiyva.
 19461 | Lair:5   | Noticed a dire elephant
 20039 | Lair:5   | Reached skill level 9 in Necromancy
 20113 | Lair:5   | Gained mutation: You have acidic saliva. [Yellow Draconian
                  | growth]
 20113 | Lair:5   | Reached XP level 14. HP: 79/121 MP: 18/20
 20704 | Lair:5   | Found a burning altar of Makhleb.
 20904 | Lair:5   | Found a gateway to Hell.
 20970 | Lair:5   | Got the Catalogue of Power
 21409 | D:12     | Noticed Jorgrun
 21424 | D:12     | Killed Jorgrun
 21520 | D:12     | Found a staircase to the Orcish Mines.
 21854 | D:12     | You are sucked into a shaft and drop 1 floor!
 22038 | D:12     | Reached skill level 10 in Necromancy
 22390 | Orc:1    | Entered Level 1 of the Orcish Mines
 22751 | Orc:1    | Reached ****** piety under Kikubaaqudgha
 22858 | Orc:1    | Reached skill level 11 in Necromancy
 23163 | Orc:1    | HP: 4/122 [ogre/+0 giant spiked club (24)]
 23175 | Orc:1    | Reached skill level 12 in Necromancy
 23771 | Orc:2    | Entered Level 2 of the Orcish Mines
 23852 | Orc:2    | Found a dark tunnel.
 23861 | Volcano  | Entered a volcano
 24216 | Volcano  | Reached XP level 15. HP: 118/129 MP: 21/21
 24442 | Orc:2    | Found a staircase to the Elven Halls.
 24951 | Orc:2    | Found a runed translucent door.
 24954 | Orc:2    | Noticed ragingrage's ghost (journeyman DEWr)
 25001 | Orc:2    | Paralysed by an orc sorcerer for 4 turns
 25266 | Orc:2    | Found Usima's Magic Scroll Boutique.
 25310 | Orc:2    | Found an ancient bone altar of Kikubaaqudgha.
 25310 | Orc:2    | Noticed Nergalle
 25349 | Orc:2    | Killed Nergalle
 25473 | Orc:2    | Found Soh Nyf's Jewellery Boutique.
 25483 | Orc:2    | Noticed Erolcha
 25547 | Orc:2    | Killed Erolcha
 25578 | Orc:2    | Received a gift from Kikubaaqudgha (forbidden knowledge)
 25584 | Orc:2    | Found a radiant altar of Vehumet.
 25628 | Orc:2    | Found Naequag's Antique Weapon Boutique.
 25645 | Orc:2    | Found Saupn's Antique Weapon Shop.
 26023 | D:13     | Reached skill level 15 in Unarmed Combat
 26683 | D:13     | Identified the +0 pair of boots "Rilupierr" {rPois SInv
                  | Stlth+}
 26718 | D:13     | Found Wuehu's Blood Bar.
 27609 | D:13     | Identified the staff "Usaar" {rElec rN+ Str+5 Air}
 28608 | D:14     | Found a gate to the Vaults.
 28889 | D:14     | Found a broken altar of Ashenzari.
 28891 | D:14     | Found a shimmering altar of Xom.
 28891 | D:14     | Found a burning altar of Makhleb.
 28893 | D:14     | Found a shadowy altar of Dithmenos.
 28893 | D:14     | Found a stormy altar of Qazlal.
 28893 | D:14     | Found a broken altar of Ashenzari.
 29178 | D:15     | Entered Level 15 of the Dungeon
 29232 | D:15     | Found a runed translucent door.
 29234 | D:15     | Noticed Tewoziw's ghost (journeyman FoFi)
 29235 | D:15     | Identified the +11 trident of Responsibility {flame, rC+}
 29977 | D:15     | Found a burning altar of Makhleb.
 30402 | D:15     | Found a staircase to the Depths.
 30823 | Snake:1  | Entered Level 1 of the Snake Pit
 31106 | Snake:1  | Reached skill level 5 in Spellcasting
 31106 | Snake:1  | Reached XP level 16. HP: 87/141 MP: 23/23
 31533 | Snake:1  | Found Tuhadoi's Assorted Antiques.
 31538 | Snake:1  | Bought a phial of floods for 1080 gold pieces
 31538 | Snake:1  | Bought a scroll of teleportation for 81 gold pieces
 31538 | Snake:1  | Bought a scroll of teleportation for 81 gold pieces
 31764 | Snake:1  | Found a runed translucent door.
 31973 | Snake:1  | Noticed Sobieck's ghost (adept OnBe)
 32741 | Snake:2  | HP: 5/141 [salamander tyrant (35)]
 36988 | Snake:4  | Entered Level 4 of the Snake Pit
 36988 | Snake:4  | Found Pigyh's Magic Scroll Shoppe.
 37099 | Snake:4  | Reached XP level 17. HP: 81/148 MP: 26/26
 37568 | Snake:4  | Reached skill level 10 in Shields
 37979 | Snake:4  | Reached skill level 13 in Necromancy
 38565 | Snake:4  | Learned a level 2 spell: Lesser Beckoning
 38957 | Snake:4  | Found Plog's Magic Scroll Emporium.
 38962 | Snake:4  | Found Zebaew's Armour Emporium.
 38987 | Snake:4  | Bought a scroll of teleportation for 48 gold pieces
 38987 | Snake:4  | Bought a scroll of teleportation for 48 gold pieces
 38987 | Snake:4  | Bought a scroll of revelation for 120 gold pieces
 38987 | Snake:4  | Bought a scroll of teleportation for 48 gold pieces
 40422 | Snake:4  | Got a serpentine rune of Zot
 40694 | Shoals:1 | Entered Level 1 of the Shoals
 41275 | Shoals:1 | Noticed a kraken
 41402 | Shoals:1 | Reached XP level 18. HP: 157/157 MP: 28/28
 41531 | Shoals:1 | Learned a level 7 spell: Haunt
 41994 | Shoals:2 | Noticed Donald
 42766 | Shoals:2 | Killed Donald
 42834 | Shoals:2 | Noticed Ilsuiw
 42923 | Shoals:2 | Killed Ilsuiw
 43455 | Shoals:3 | Found Wosacun's Vocational Training.
 43708 | Shoals:3 | Reached skill level 14 in Necromancy
 43856 | Shoals:3 | Found Annerch's Magic Scroll Shoppe.
 44451 | Vaults:1 | Entered Level 1 of the Vaults
 44926 | Vaults:1 | Identified the +8 great mace of Pudgh {spect, Fly Str+2}
 45374 | Vaults:1 | Noticed Zenata
 45456 | Vaults:1 | Killed Zenata
 46525 | Vaults:2 | Reached XP level 19. HP: 156/163 MP: 30/32
 46628 | Vaults:2 | Learned a level 5 spell: Borgnjor's Vile Clutch
 47190 | Vaults:2 | Reached skill level 15 in Necromancy
 47307 | Vaults:2 | Upgraded the game from 0.32-a0-20-ge526923d97 to
                  | 0.32-a0-22-g6ae6769602
 48080 | Vaults:2 | Paralysed by a formless jellyfish for 1 turns
 48250 | Vaults:2 | Found Tepozot's Antique Weapon Shoppe.
 48437 | Vaults:3 | Reached skill level 10 in Spellcasting
 48822 | Vaults:3 | Reached skill level 10 in Summonings
 48862 | Vaults:3 | Noticed a dread lich
 48866 | Vaults:3 | Noticed a dread lich
 48962 | Vaults:3 | Reached skill level 16 in Necromancy
 49854 | Orc:2    | Bought a scroll of silence for 152 gold pieces
 50271 | Vaults:3 | Killed a dread lich
 50617 | Vaults:3 | Noticed a Brimstone Fiend
 50617 | Vaults:3 | Killed a dread lich
 50618 | Vaults:3 | Reached XP level 20. HP: 150/171 MP: 32/34
 50815 | Vaults:3 | Found a staircase to the Crypt.
 51017 | Vaults:3 | Found a runed translucent gate.
 51017 | Vaults:3 | Found a runed translucent gate.
 51017 | Vaults:3 | Found a runed translucent gate.
 51019 | Vaults:3 | Found an ancient bone altar of Kikubaaqudgha.
 51019 | Vaults:3 | Noticed an ancient lich
 51019 | Vaults:3 | Noticed an ancient lich
 51020 | Vaults:3 | Noticed Implojin's ghost (adept DgWn)
 51377 | Vaults:4 | Reached skill level 17 in Necromancy
 52090 | Vaults:4 | Paralysed by a formless jellyfish for 1 turns
 52092 | Vaults:4 | Noticed an ancient lich
 52115 | Vaults:4 | Killed an ancient lich
 52116 | Vaults:4 | Reached skill level 18 in Necromancy
 52415 | Vaults:4 | Found Julawueq's Weapon Shoppe.
 52535 | Vaults:4 | Found Xigext's Assorted Antiques.
 52566 | Vaults:4 | Bought an encrusted gilded ring for 160 gold pieces
 52566 | Vaults:4 | Bought a potion of brilliance for 128 gold pieces
 52636 | Vaults:4 | Found Kicagapn's Assorted Antiques.
 52654 | Vaults:4 | Bought an embroidered cloak for 285 gold pieces
 52851 | Vaults:4 | Found Monaitti's Jewellery Emporium.
 52863 | Vaults:4 | Bought a granite talisman for 1260 gold pieces
 52872 | Vaults:4 | Found a transporter.
 52873 | Vaults:4 | Noticed a golden dragon
 52884 | Vaults:4 | Found a transporter.
 54222 | Shoals:4 | Entered Level 4 of the Shoals
 54608 | Shoals:4 | Found a glowing golden altar of the Shining One.
 55314 | Shoals:4 | Found a white marble altar of Elyvilon.
 55345 | Shoals:4 | Reached skill level 15 in Shapeshifting
 55680 | Shoals:4 | Identified the +2 flail "Buont" {flame, Int+3}
 55727 | Shoals:4 | Found a glowing silver altar of Zin.
 55843 | Shoals:4 | Reached XP level 21. HP: 94/178 MP: 16/35
 55959 | Shoals:4 | Identified the +1 robe of Sif Muna's Inspiration {+Blink
                  | Int+5}
 56105 | Shoals:4 | Identified the staff "Conservator" {^Drain rC+ rN++ Fire
                  | Ice Earth}
 56108 | Shoals:4 | Got a barnacled rune of Zot
 56646 | Shoals:3 | Got the Parchment of Mad Ravings
 56648 | Shoals:3 | Identified the ring of the Sturgeon {^Drain +Blink Int+3
                  | SInv}
 57151 | Depths:1 | Entered Level 1 of the Depths
 57174 | Depths:1 | Noticed Saint Roka
 57191 | Depths:1 | Killed Saint Roka
 57663 | Depths:1 | Found a one-way gateway to a ziggurat.
 57693 | Depths:1 | Found Fyfiedok's Pet Rocks.
 57709 | Depths:1 | Found the +5 demon whip "Spellbinder" {antimagic, disrupt,
                  | Will+}
 58571 | Depths:2 | Got Ziff's Handbook of Angles and Kindling
 58811 | Depths:2 | Identified the ring "Ytusufo" {rF+ rC+ Dex+6}
 58828 | Depths:2 | Found a one-way gate leading to the halls of Pandemonium.
 58905 | Depths:2 | HP: 10/348 [vampire knight/+0 dire flail (23)]
 59102 | Depths:1 | Learned a level 4 spell: Vhi's Electric Charge
 59123 | Depths:2 | Reached skill level 1 in Air Magic
 59800 | Depths:2 | Reached skill level 5 in Translocations
 60248 | Depths:2 | Got the Encyclopedia of the Throng
 62351 | Depths:3 | Noticed a golden dragon
 62359 | Depths:3 | Killed a golden dragon
 62604 | Depths:3 | Reached XP level 22. HP: 187/187 MP: 24/36
 62814 | Depths:2 | Acquired 836 gold pieces
 63066 | Vaults:4 | Bought the amulet "Boaduc" {rElec Regen+ Slay+2 Stlth+} for
                  | 1159 gold pieces
 63610 | Depths:3 | Reached skill level 19 in Necromancy
 63977 | Depths:3 | Found a one-way gate to the infinite horrors of the Abyss.
 64275 | Depths:3 | Found the +5 glaive of the Guard {elec, spectral}
 64428 | Depths:4 | Entered Level 4 of the Depths
 64428 | Depths:4 | Found a hide-covered altar of Uskayaw.
 64455 | Depths:4 | Noticed a caustic shrike
 64456 | Depths:4 | Noticed a caustic shrike
 64456 | Depths:4 | Noticed a caustic shrike
 64456 | Depths:4 | Noticed a caustic shrike
 65060 | Elf:1    | Entered Level 1 of the Elven Halls
 65310 | Orc:2    | Learned a level 5 spell: Irradiate
 65700 | Elf:1    | Reached skill level 1 in Conjurations
 65700 | Elf:1    | Reached skill level 1 in Alchemy
 65886 | Elf:1    | Found an ancient bone altar of Kikubaaqudgha.
 65900 | Elf:1    | Found Ywapix's Antique Armour Boutique.
 67399 | Elf:2    | Found Takhliuhi's Book Emporium.
 67530 | Elf:2    | Found a glacial archway.
 67640 | IceCv    | Entered an ice cave
 67793 | IceCv    | Reached skill level 5 in Alchemy
 67986 | IceCv    | Reached skill level 5 in Conjurations
 69058 | IceCv    | Identified the ring of Cheibriados's Delight {rC+ Int+2}
 69485 | Elf:2    | Found a runed translucent gate.
 69485 | Elf:2    | Found a runed translucent gate.
 69485 | Elf:2    | Found a runed translucent gate.
 69512 | Elf:3    | Entered Level 3 of the Elven Halls
 69642 | Elf:3    | Found Yqomes's Antique Weapon Shop.
 70128 | Elf:3    | Found Jiyqen's Assorted Antiques.
 70151 | Elf:3    | Bought a potion of heal wounds for 125 gold pieces
 70151 | Elf:3    | Bought a runed copper wand for 100 gold pieces
 70303 | Elf:3    | Learned a level 8 spell: Infestation
 70376 | Elf:3    | Found Ziqoefa's Jewellery Emporium.
 70432 | Elf:3    | Gained mutation: Your magical capacity is low. (-10% MP) [a
                  | shining eye]
 70648 | Elf:2    | Lost mutation: Your magical capacity is low. (-10% MP)
                  | [potion of mutation]
 70648 | Elf:2    | Gained mutation: You are vulnerable to cold. (rC-) [potion
                  | of mutation]
 70648 | Elf:2    | Gained mutation: Your flesh is heat resistant. (rF+)
                  | [potion of mutation]
 70649 | Elf:2    | Lost mutation: You are vulnerable to cold. (rC-) [potion of
                  | mutation]
 70649 | Elf:2    | Lost mutation: Your flesh is heat resistant. (rF+) [potion
                  | of mutation]
 70649 | Elf:2    | Gained mutation: You are dopey. (Int -2) [potion of
                  | mutation]
 70649 | Elf:2    | Gained mutation: You are strong-willed. (Will+) [potion of
                  | mutation]
 70649 | Elf:2    | Gained mutation: Your tail ends in a venomous barb. [potion
                  | of mutation]
 70692 | Elf:3    | Identified the ring "His Ylag" {rC+ rCorr Str+4 Dex-4}
 71484 | Elf:3    | Reached XP level 23. HP: 193/193 MP: 26/39
 71999 | Elf:3    | Found the +4 robe of Augmentation {Str+4 Int+4 Dex+4}
 72113 | Elf:3    | Found the +8 storm bow {elec, penet}
 72120 | Elf:3    | Got Kuinousm's Papyrus of Pyromania
 72121 | Elf:3    | Identified the +4 arbalest "Ecvyrino" {penet, rElec Will+}
 72126 | Elf:3    | Identified the staff "jestert79's Peril" {*Slow +Blink
                  | rPois rF+ SInv Alchemy}
 72173 | Elf:3    | Identified the +5 cloak of Kindness {rElec rCorr SInv}
 72174 | Elf:3    | Identified the staff of Imminent Death {rF- Dex+4 Conj Ice
                  | Earth}
 73054 | Elf:2    | Reached skill level 20 in Necromancy
 73996 | Crypt:1  | Entered Level 1 of the Crypt
 73996 | Crypt:1  | Noticed Margery
 74005 | Crypt:1  | Killed Margery
 74576 | Crypt:1  | Noticed Mennas
 74589 | Crypt:1  | HP: 10/240 [wraith[the player character] (9)]
 74589 | Crypt:1  | Killed from afar by a laughing skull

Illustrated notes

Levels and vault maps discovered:
D:1:      lightli_arrival_chessboard, layout_loops_ring, serial_shops,
          nicolae_square_shop
D:2:      layout_basic, minmay_randomly_rotated_circles
D:3:      layout_loops_cross, minmay_misc_feat_square, uniq_sigmund,
          uniq_natasha, uniq_jessica
D:4:      layout_basic, mainiacjoe_overflow_big_doors, gup_sewer_entry_spiral
D:5:      layout_basic, tgw_sif, minmay_temple_entry_mist,
          nicolae_shop_overcharged_wands
D:6:      minmay_razor_zed, layout_cave_pools, serial_shops,
          nicolae_take_the_stairs, lemuel_flame_loot_1
D:7:      layout_basic, nicolae_overflow_hallway_of_the_gods, enter_bailey_2,
          corexii_leaking_fountain, minmay_fountain_box, dreamdust_wishing_well,
          uniq_joseph
D:8:      layout_loops_ring, mainiacjoe_overflow_boulevard,
          small_chamber_with_monster, nicolae_shop_fire_sale
          [nicolae_sub_dead_trees]
D:9:      layout_roguey, elyvilon_altar_3, fedhas_altar_1,
          kennysheep_generic_room_3, uniq_erica
D:10:     layout_cave_pools, kennysheep_generic_room_7, uniq_urug
D:11:     layout_stronghold, david_lair_generic, serial_column_ruins,
          column_ruins_circle_medium, column_ruins_grid_3,
          column_ruins_corridor_straight, column_ruins_columns_straight,
          column_ruins_open_tiny, column_ruins_open_small, column_ruins_grid_3,
          column_ruins_open_tiny, trog_three_pillars_becter
D:12:     layout_roguey, david_orc_3, uniq_jorgrun
D:13:     minmay_stepped, layout_irregular_city, guppyfry_shop_blood
D:14:     layout_cave_pools, hangedman_vaults_entry_quadrant_bands,
          doesnt_xom_only_xom, drop_trap
D:15:     hangedman_depths_entry_civil_slaughter, layout_grid_maze,
          ebering_ghost_funeral_grove, bloody_makhleb
Temple:   corrupted_temple
Lair:1:   layout_chaotic_city
Lair:2:   layout_layer_cave, guppyfry_snake_entry_garden, grunt_megastairs_3,
          serial_bayou_shore_b
Lair:3:   layout_layer_cave, nicolae_shoals_entry_flooding,
          kennysheep_abandoned_house
Lair:4:   beast_lair_carwin_large_1, layout_big_grid,
          nicolae_quartered_pool_little, uniq_snorg, uniq_nessos
Lair:5:   evil_forest, layout_loops_ring, nicolae_slime_entry_slimehenge,
          hangedman_lair_generics_rect, serial_bayou_shore_b,
          serial_bayou_shore_b, grunt_megastairs_4
Shoals:1: layout_shoals
Shoals:2: layout_shoals, nicolae_shoals_enchanted_isle, uniq_ilsuiw, uniq_donald
Shoals:3: dreamdust_from_the_deep, layout_shoals, serial_shops, shop_fountains,
          nicolae_shop_vocational
Shoals:4: shoals_end_hellmonk_holy_island
Snake:1:  layout_gridlike, gammafunk_ghost_grave, special_room, serial_shops,
          nicolae_shop_hallway_plus
Snake:2:  layout_misc_corridors, nicolae_integral_box
Snake:3:  layout_basic, serial_bayou_shore_b
Snake:4:  snake_pit_salamanders_mu, layout_cave_town, serial_shops, shop,
          minmay_shop_star
Orc:1:    layout_caves, special_room [special_room_orc], minmay_orc_temple_c
Orc:2:    kennysheep_orc_mage_school, layout_diamond_mine,
          ebering_ghost_reflecting_pool, nicolae_volcano_entry_two_sided
Elf:1:    eino_elf_arrival_the_gate, layout_loops_corners, basic_altar,
          serial_shops, nicolae_shop_temple_entry_statues_fountains,
          nicolae_elf_crossing_hall, grunt_megastairs_5
Elf:2:    elven_hall_of_blades_hangedman_original
          [nicolae_blade_entry_hurt_lockers], layout_rooms,
          portal_ice_cave_entry_pillars_2, serial_shops,
          nicolae_book_shop_shelving
Elf:3:    minmay_elf_hall_circle, layout_rooms, serial_shops,
          nicolae_shop_waterfront, shop, nicolae_shop_trees,
          serial_sigils_hangedman_carve
Vaults:1: vaults_dpeg_ring, nicolae_vaults_bisected_inception,
          nicolae_vaults_spaceships, nicolae_vaults_mitosis,
          nicolae_vaults_yaktaur_gun_rack, v_rooms_2, st_lattice,
          nicolae_vaults_border_crossing, nicolae_vaults_two_Ls,
          layout_vaults_omnibox, uniq_zenata
Vaults:2: grunt_vaults_trifunnel, v_alt_pattern_6, hangedman_vaults_nails,
          nicolae_vaults_bisected_exclaves, ontoclasm_vaults_gallery,
          nicolae_vaults_trapezoid_layered, nicolae_vaults_sesquioval_fish,
          vaults_mumra_hexcomb, v_misc_8, nicolae_vaults_tetromino_T_1,
          layout_vaults_chaotic_city, serial_shops, nicolae_shop_back_alley_shop
Vaults:3: gammafunk_ghost_crypt, minmay_crypt_entry_simple_round,
          ontoclasm_vaults_fault, vaults_standard_mumra_x,
          vaults_standard_mumra_enter_the_diamond, vaults_room_semicircle,
          nicolae_vaults_storing_the_good_stuff, nicolae_vaults_surprise_closet,
          v_misc_22, v_misc_12, nicolae_vaults_lightning_bolt, serial_ice_h,
          nicolae_vaults_storage_room_statues,
          nicolae_vaults_storage_room_doors, nicolae_vaults_tetromino_L_2,
          layout_vaults_maze_bifur
Vaults:4: v_misc_30, nicolae_vaults_tetromino_T_2, nicolae_vaults_trapezoid_4,
          vaults_room_grid, nicolae_vaults_trapezoid_lopsided_2,
          nicolae_vaults_network_star, ontoclasm_vaults_ring_small,
          hangedman_vaults_slice, gammafunk_sealed_arena, v_misc_28,
          nicolae_vaults_specimen_jars, hangedman_vaults_river_flow,
          nicolae_vaults_rhombus_7, vaults_mumra_hex,
          nicolae_vaults_double_plus_1, nicolae_vaults_double_plus_1,
          layout_vaults_ring, serial_shops, nicolae_shop_stone,
          nicolae_shop_pleasant_corner_grove, shop, shop
Crypt:1:  layout_misc_corridors, roderic_lattice_octagonal_star, uniq_mennas,
          uniq_margery
Depths:1: layout_basic, enter_ziggurat_a, hangedman_abyss_or_decor_lesser_grid,
          pf_hell_entry_tar_river, minmay_misc_feat_ornament,
          hangedman_decor_clover_reticule, guppyfry_shop_earth, uniq_saint_roka
Depths:2: minmay_the_grid_octo_tiled_squarecenter_mashed
          [minmay_the_grid_octo_concentric, minmay_the_grid_octo_chip,
          minmay_the_grid_octo_checkered, minmay_the_grid_octo_horde,
          minmay_the_grid_square_5x5_megaprize_open,
          minmay_the_grid_square_5x5_detours,
          minmay_the_grid_square_5x5_three_small,
          minmay_the_grid_square_5x5_checkered_statues,
          minmay_the_grid_square_5x5_n], layout_cave_pools, pan_entry,
          hell_entry, nicolae_water_bricks
Depths:3: minmay_shoctagon, layout_long_grid, abyss_entry_crystal,
          lightli_too_deep, infiniplex_staircase_9_rooms
Depths:4: lemuel_castle_with_subvaults [lemuel_castle_interior_carwin_1],
          layout_cave_pools, enter_trove_5, nicolae_ashenzari_panopticon,
          hell_entry, chequers_big_river, eat_drink_and_be_merry_uskayaw

Skill      XL: |  1  2  3  4  5  6  7  8  9 10 11 12 13 14 15 16 17 18 19 20 21 22 23 |
---------------+----------------------------------------------------------------------+-----
Unarmed Combat | 1 2 4 6 7 10 12 13 14 16 18 19 | 19.8
Shields        | 3 4 5 6 7 9 11 12 13 | 13.8
Fighting       | 5 6 7 8 10 11 12 13 | 13.4
Dodging        | 4 5 6 7 8 |  8.8
Necromancy     | 5 6 7 9 12 13 14 16 18 19 20 | 20.3
Translocations | 3 5 |  5.4
Evocations     | 6 7 |  7.0
Shapeshifting  | 2 10 11 12 13 15 16 | 16.2
Spellcasting   | 3 4 5 6 7 9 10 12 | 12.9
Summonings     | 3 5 8 11 13 14 | 14.2
Air Magic      | 4 |  4.0
Conjurations   | 7 |  7.0
Alchemy        | 7 |  7.0

Action                     |  1- 3 |  4- 6 |  7- 9 | 10-12 | 13-15 | 16-18 | 19-21 | 22-24 || total
---------------------------+-------+-------+-------+-------+-------+-------+-------+-------++-------
  Melee: Unarmed           |   171 |   267 |   315 |   795 |  1179 |  1342 |  1119 |   413 ||  5601
         Tailslap          |    28 |    26 |    42 |   134 |   256 |   278 |   293 |    97 ||  1154
         Maw               |       |       |       |   141 |   476 |   544 |   452 |   140 ||  1753
         Bite              |       |       |       |       |   148 |   215 |   222 |    57 ||   642
  Throw: Dart              |       |       |     2 |     9 |     6 |     9 |     5 |       ||    31
   Cast: Apportation       |       |       |     1 |       |       |       |     1 |       ||     2
         Animate Dead      |       |       |       |     8 |    12 |    14 |     2 |       ||    36
         Fugue of the Fall |       |       |       |     8 |    10 |     3 |     9 |       ||    30
         Martyr's Knell    |       |       |       |     4 |     1 |       |     4 |       ||     9
         Death Channel     |       |       |       |       |    18 |    49 |    49 |     9 ||   125
         Blink             |       |       |       |       |     1 |     1 |       |       ||     2
         Lesser Beckoning  |       |       |       |       |       |     1 |       |       ||     1
         Borgnjor's Vile C |       |       |       |       |       |       |    53 |    74 ||   127
         Haunt             |       |       |       |       |       |       |   110 |   126 ||   236
         Infestation       |       |       |       |       |       |       |       |     3 ||     3
         Irradiate         |       |       |       |       |       |       |       |     3 ||     3
 Invoke: Unearth Wretches  |       |       |       |       |     1 |       |     1 |       ||     2
         Receive Forbidden |       |       |       |       |     1 |       |       |       ||     1
Ability: Breathe Acid      |       |       |    14 |    25 |    18 |    26 |    20 |     7 ||   110
  Evoke: Wand              |       |       |     3 |     2 |     7 |    23 |     3 |       ||    38
         Sack of spiders   |       |       |       |     2 |       |     2 |       |       ||     4
         Phial of floods   |       |       |       |       |       |     1 |       |       ||     1
    Use: Scroll            |       |     9 |    11 |    14 |     8 |    12 |    13 |     3 ||    70
         Potion            |       |     4 |     1 |     1 |     7 |    14 |     7 |     4 ||    38
   Stab: Sleeping          |     1 |     5 |       |       |       |       |       |     6 ||    12
         Invisible         |       |       |     2 |     2 |       |       |       |       ||     4
         Distracted        |       |       |       |       |     7 |     5 |    11 |     2 ||    25
         Petrified         |       |       |       |       |     3 |       |     2 |       ||     5
         Petrifying        |       |       |       |       |     1 |       |       |       ||     1
         Paralysed         |       |       |       |       |     1 |       |       |       ||     1
         Confused          |       |       |       |       |       |     5 |       |       ||     5
 Armour: Skin              |    68 |   129 |   161 |   451 |   677 |   810 |   894 |   276 ||  3466
  Dodge: Dodged            |    72 |   138 |   123 |   291 |   604 |   553 |   533 |   124 ||  2438
  Block: Buckler           |    32 |   175 |   157 |   366 |   620 |    57 |       |       ||  1407
         Reflection        |       |     3 |     2 |     9 |    49 |    79 |    62 |    48 ||   252
         Kite shield       |       |       |       |       |       |   803 |   910 |   268 ||  1981
   Form: Maw               |       |       |       |     1 |       |       |     2 |       ||     3
         Statue            |       |       |       |       |       |       |     2 |       ||     2

Table legend: (Time is in decaauts)
 A = Elapsed time spent in this place.
 B = Non-inter-level travel time spent in this place.
 C = Inter-level travel time spent in this place.
 D = Time resting spent in this place.
 E = Time spent auto-exploring this place.
 F = Levels seen in this place.
 G = Mean time per level.
                   A        B        C        D        E       F      G
               +--------+--------+--------+--------+--------+-----+--------+
         Total |  74606 |  67524 |   7082 |  23064 |  16192 |  47 | 1587.4 |
       Dungeon |  19842 |  17197 |   2645 |   5187 |   7409 |  15 | 1322.8 |
        Temple |     21 |     11 |     10 |      0 |      0 |   1 |   21.0 |
          Lair |   7479 |   6442 |   1037 |   1291 |   2707 |   5 | 1495.8 |
        Shoals |   6509 |   6205 |    304 |   2230 |   1123 |   4 | 1627.2 |
     Snake Pit |   9562 |   9089 |    473 |   3620 |   1062 |   4 | 2390.5 |
  Orcish Mines |   2970 |   2619 |    351 |    620 |    447 |   2 | 1485.0 |
   Elven Halls |   6799 |   6550 |    249 |   2512 |   1286 |   3 | 2266.3 |
        Vaults |   9271 |   7994 |   1277 |   1792 |   1118 |   4 | 2317.8 |
         Crypt |    478 |    478 |      0 |     66 |     49 |   1 |  478.0 |
        Depths |   8112 |   7383 |    729 |   3922 |    855 |   4 | 2028.0 |
         Sewer |    710 |    710 |      0 |    263 |      0 |   1 |  710.0 |
        Bailey |    791 |    791 |      0 |    371 |      0 |   1 |  791.0 |
      Ice Cave |   1492 |   1492 |      0 |    951 |     51 |   1 | 1492.0 |
       Volcano |    564 |    564 |      0 |    234 |     85 |   1 |  564.0 |
               +--------+--------+--------+--------+--------+-----+--------+

Top non-repeatable levels by time:
 Snake:4: 3334 daAuts
Depths:1: 3306 daAuts
Vaults:3: 2740 daAuts
Depths:3: 2661 daAuts
   Elf:3: 2588 daAuts
Vaults:1: 2278 daAuts
Vaults:2: 2236 daAuts
   Elf:2: 2229 daAuts
 Snake:1: 2221 daAuts
Depths:2: 2119 daAuts
    D:12: 2072 daAuts
Vaults:4: 2016 daAuts
 Snake:2: 2011 daAuts
 Snake:3: 1994 daAuts
   Elf:1: 1981 daAuts
